 Dungeon Crawl Stone Soup version 0.29-a0-233-g1125b37a9b (webtiles) character file.

Game seed: 3667982280089125606

79 mdonais the Shield-Bearer (level 4, 0/30 HPs)
             Began as an Octopode Wanderer on Mar 2, 2022.
             Was a Believer of Sif Muna.
             Slain by an orc wizard
             ... wielding a +0 dagger
              (3 damage)
             ... on level 3 of the Dungeon.
             The game lasted 00:07:17 (2504 turns).

mdonais the Shield-Bearer (Octopode Wanderer)       Turns: 2504, Time: 00:07:18

Health: 0/30       AC:  1    Str: 11    XL:     4   Next: 37%
Magic:  5/5        EV: 13    Int: 13    God:    Sif Muna [**....]
Gold:   121        SH:  7    Dex: 14    Spells: 5/5 levels left

rFire   . . .      SeeInvis .   b - +0 dagger
rCold   . . .      Faith    .   k - +2 buckler
rNeg    . . .      Spirit   .   c - +0 hat
rPois   .          Reflect  .   (no amulet)
rElec   .          Harm     .   (no ring)
rCorr   .          Rampage  .   (no ring)
Will    .....                   (no ring)
Stlth   +++.......              (no ring)
HPRegen 0.10/turn               (no ring)
MPRegen 0.09/turn               (no ring)
                                (no ring)
                                (no ring)

@: hasted, very quick
A: almost no armour, amphibious, 8 rings, camouflage 1, gelatinous body 1,
(nimble swimmer 1), tentacles
a: Renounce Religion, Channel Magic


You were on level 3 of the Dungeon.
You worshipped Sif Muna.
Sif Muna was pleased with you.
You visited 1 branch of the dungeon, and saw 3 of its levels.

You collected 121 gold pieces.

Inventory:

Hand Weapons
 a - a +0 hand crossbow
 b - a +0 dagger (weapon)
   (You took it off a goblin on level 1 of the Dungeon)
 j - a +0 short sword
   (You took it off a kobold on level 1 of the Dungeon)
Missiles
 d - 5 poisoned darts
 f - 21 stones
 G - 2 datura-tipped darts
Armour
 c - a +0 hat (worn)
 k - a +2 buckler (worn)
Magical Staves
 p - a staff of earth
   (You found it on level 3 of the Dungeon)
Scrolls
 e - 3 scrolls of magic mapping {unknown}
 l - a scroll of identify {unknown}
 m - a scroll of blinking {unknown}
 o - a scroll of teleportation {unknown}
Potions
 g - a potion of cancellation {unknown}
 i - a potion of heal wounds {unknown}
 n - a potion of lignification {unknown}
 q - a potion of brilliance {unknown}
 H - 2 potions of haste


   Skills:
 * Level 2.4 Fighting
 + Level 2.7 Crossbows
 - Level 2.0 Dodging
 - Level 3.0 Stealth
 - Level 5.0 Shields
 - Level 1.0 Spellcasting


You had 5 spell levels left.
You didn't know any spells.
Your spell library contained the following spells:

 Spells                   Type           Power      Damage    Failure   Level
 Gell's Gravitas          Tloc           0%         N/A       71%         3
 Teleport Other           Tloc           0%         N/A       71%         3
 Dispersal                Tloc           0%         N/A       100%        6


Dungeon Overview and Level Annotations

Branches:
Dungeon (3/15)

Altars:
Sif Muna


Innate Abilities, Weirdness & Mutations

You cannot wear most types of armour.
You are amphibious.
You can wear up to eight rings at the same time.
Your skin changes colour to match your surroundings (Stealth+).
Your rubbery body absorbs attacks. (AC +1, EV +1)
((You are camouflaged when in or above water. (Stealth+)))
You have tentacles for arms and can constrict up to eight enemies at once.


Message History

No target in view!
No target in view!
o - a scroll labelled BECZOENAYM You now have 100 gold pieces (gained 18).
A bat, a rat and a hobgoblin come into view.
Found a short runed staff and a fuming golden potion.
You shoot a bolt. The bolt hits the bat!
You kill the bat!
Sif Muna accepts your kill.
You shoot a bolt. The bolt hits the rat.
The rat is moderately wounded.
The rat bites you.
You take 1 damage, and have 29/30 hp.
You shoot a bolt. The bolt hits the rat.
You kill the rat!
Sif Muna accepts your kill.
You shoot a bolt. The bolt hits the hobgoblin.
The hobgoblin shouts!
The hobgoblin is lightly wounded.
You shoot a bolt. The bolt barely misses the hobgoblin.
You shoot a bolt.
The bolt hits the hobgoblin but does no damage.
The hobgoblin is lightly wounded.
You shoot a bolt.
The bolt hits the hobgoblin but does no damage.
The hobgoblin is lightly wounded.
You block the hobgoblin's attack. The hobgoblin closely misses you.
You shoot a bolt.
The bolt completely misses the hobgoblin.
An endoplasm comes into view.
You block the hobgoblin's attack.
The endoplasm moves out of view.
You shoot a bolt. The bolt barely misses the hobgoblin.
The hobgoblin completely misses you. The hobgoblin closely misses you.
Health restored: 30 You shoot a bolt.
The bolt hits the hobgoblin.
The hobgoblin is moderately wounded.
You block the hobgoblin's attack.
You shoot a bolt. The bolt barely misses the hobgoblin.
You block the hobgoblin's attack.
You shoot a bolt. The bolt closely misses the hobgoblin.
You block the hobgoblin's attack. The hobgoblin closely misses you.
You shoot a bolt. The bolt hits the hobgoblin!
You kill the hobgoblin!
Sif Muna accepts your kill.
No target in view!
You see here a hobgoblin corpse.
G - 2 datura-tipped darts You see here a bat corpse.
p - a staff of earth
Okay, then.
q - a fuming golden potion Search for what [Enter for "."]? brand Unknown command.
Unknown command.
You see here a bat corpse.
You see here a hobgoblin corpse.
You now have 107 gold pieces (gained 7).
Found 14 gold pieces.
A quokka comes into view.
You shoot a bolt. The endoplasm quivers.
The bolt hits the quokka.
The quokka is severely wounded.
You shoot a bolt. The bolt hits the quokka.
You kill the quokka!
Sif Muna accepts your kill.
You shoot a bolt. The bolt hits the endoplasm.
The endoplasm is severely wounded.
You block the endoplasm's attack.
You shoot a bolt. The bolt hits the endoplasm.
You kill the endoplasm!
Sif Muna accepts your kill.
No target in view!
You see here a quokka corpse.
You now have 121 gold pieces (gained 14).
An orc wizard comes into view. It is wielding a +0 dagger.
An orc wizard is nearby!
You shoot a bolt. The bolt hits the orc wizard.
The orc wizard shouts!
The orc wizard is moderately wounded.
You hear a shout!
An orc comes into view. It is wielding a +0 hand axe.
You shoot a bolt.
The bolt hits the orc but does no damage.
You shoot a bolt. The bolt barely misses the orc.
You shoot a bolt. The bolt hits the orc.
The orc is lightly wounded.
You shoot a bolt.
The bolt hits the orc but does no damage.
The orc is lightly wounded.
You shoot a bolt. The bolt hits the orc.
The orc is moderately wounded.
You shoot a bolt.
The bolt hits the orc but does no damage.
The orc is lightly wounded.
The orc misses you.
b - a +0 dagger (weapon)
The orc wizard gestures wildly while chanting.
The orc wizard flickers and vanishes!
Deactivating autopickup; reactivate with Ctrl-A.
The orc misses you.
You hit the orc but do no damage. Your grab misses the orc.
The orc is lightly wounded.
Something hits you. You block the orc's attack.
You take 3 damage, and have 27/30 hp.
You completely miss the orc. You grab the orc. You squeeze the orc.
You kill the orc!
Sif Muna accepts your kill.
You hear some strange, mumbled words.
A magic dart appears from out of thin air!
The magic dart hits you.
You take 4 damage, and have 23/30 hp.
No target in view!
You miss something.
You hear some strange, mumbled words.
Something tries to affect you, but you resist.
You hit something. Your squeeze misses something. Something barely misses you.
You miss something. Your squeeze misses something. Something hits you.
You take 2 damage, and have 22/30 hp.
You hit something. Something hits you.
You take 3 damage, and have 19/30 hp.
You barely miss something. Something hits you.
You take 2 damage, and have 17/30 hp.
You miss something. Something hits you.
You take 3 damage, and have 14/30 hp.
You closely miss something. You block something's attack.
You miss something. Your squeeze misses something. Something hits you.
You take 2 damage, and have 12/30 hp.
You miss something.
Your tentacle-slap misses something.
Something hits you.
You take 2 damage, and have 10/30 hp.
You hit something but do no damage.
You hear some strange, mumbled words.
A puff of flame appears from out of thin air!
The puff of flame hits you.
* * * LOW HITPOINT WARNING * * *
You take 4 damage, and have 6/30 hp.
You feel better.
You hear some strange, mumbled words.
A magic dart appears from out of thin air!
The magic dart hits you!
* * * LOW HITPOINT WARNING * * *
You hit something. You block something's attack.
It was a potion of haste.
You feel yourself speed up.
H - 2 potions of haste Something hits you.
* * * LOW HITPOINT WARNING * * *
You take 4 damage, and have 3/30 hp.
You hit something but do no damage. Your squeeze misses something.
Something hits you.
You die...

#....#†.#.......
#....#..#...).###
#......###.......
#.....####.......
#......†.....###.
#....###.........
#....#...########
#......###
#..)@.## #..{..#
........##
####...## ####


There were no monsters in sight!

Vanquished Creatures
  A worm (D:2)
  4 dart slugs
  An orc (D:3)
  11 endoplasms
  2 goblins
  4 hobgoblins
  8 jackals
  8 kobolds
  A quokka (D:3)
  5 ball pythons
  6 bats
  A frilled lizard (D:1)
  8 rats
60 creatures vanquished.

Notes
Turn   | Place    | Note
-------+----------+-------------------------------------------
     0 | D:1      | mdonais the Octopode Wanderer began the quest for the Orb.
     0 | D:1      | mdonais set off with the following items: a +0 hand
                  | crossbow, a +2 buckler, a +0 hat
     0 | D:1      | Reached XP level 1. HP: 11/11 MP: 2/2
    90 | D:1      | Reached skill level 1 in Stealth
   151 | D:1      | Reached XP level 2. HP: 15/17 MP: 3/3
   535 | D:1      | Reached skill level 1 in Fighting
   588 | D:1      | Reached XP level 3. HP: 18/23 MP: 4/4
   919 | D:1      | Found a faded altar of an unknown god.
   925 | D:1      | Prayed at the altar of an unknown god.
   925 | D:1      | Became a worshipper of Sif Muna the Loreminder
   925 | D:1      | Reached * piety under Sif Muna
  1531 | D:2      | Reached XP level 4. HP: 20/29 MP: 5/5
  1634 | D:2      | Reached ** piety under Sif Muna
  2504 | D:3      | Slain by an orc wizard

Illustrated notes

Levels and vault maps discovered:
D:1:      dpeg_arrival_three_same_balls, layout_loops_ring,
          nicolae_ecumenical_snake_handling, minmay_misc_feat_square,
          glass_columns_c
D:2:      layout_basic, st_stairs_8
D:3:      layout_rooms, marbit_many_paths, serial_shops,
          nicolae_shop_overgrown_old_shop, minmay_cut_off, uniq_jessica

Skill      XL: |  1  2  3 |
---------------+----------+-----
Stealth        | 2 3 |  3.0
Fighting       | 1 2 |  2.4
Crossbows      | |  2.7
Dodging        | |  2.0
Shields        | |  5.0
Spellcasting   | |  1.0

Action                   |  1- 3 |  4- 6 || total
-------------------------+-------+-------++-------
Melee: Dagger            |    10 |    14 ||    24
       Constrict         |     4 |     1 ||     5
       Tentacles         |     2 |     1 ||     3
 Fire: Hand crossbow     |   134 |    58 ||   192
  Use: Potion            |     3 |     2 ||     5
Armor: Skin              |     9 |       ||     9
Dodge: Dodged            |    62 |     8 ||    70
Block: Buckler           |    38 |     9 ||    47

Table legend: (Time is in decaauts)
 A = Elapsed time spent in this place.
 B = Non-inter-level travel time spent in this place.
 C = Inter-level travel time spent in this place.
 D = Time resting spent in this place.
 E = Time spent auto-exploring this place.
 F = Levels seen in this place.
 G = Mean time per level.
                   A        B        C        D        E       F      G
               +--------+--------+--------+--------+--------+-----+--------+
         Total |   2584 |   2542 |     42 |    867 |   1194 |   3 |  861.3 |
       Dungeon |   2584 |   2542 |     42 |    867 |   1194 |   3 |  861.3 |
               +--------+--------+--------+--------+--------+-----+--------+

Top non-repeatable levels by time:
     D:2: 1379 daAuts
     D:1: 1094 daAuts
     D:3: 109 daAuts
